 Dungeon Crawl Stone Soup version 0.20.1-1-g8b1a95d (webtiles) character file.

56585 Mesmaeker13 the Unseen (level 14, -24/62 HPs)
             Began as a Vine Stalker Assassin on July 9, 2017.
             Was a High Priest of Nemelex Xobeh.
             Annihilated by an orc knight
             ... wielding a +1 halberd
              (45 damage)
             ... on level 2 of the Orcish Mines on July 10, 2017.
             The game lasted 01:39:26 (20201 turns).

Mesmaeker13 the Unseen (Vine Stalker Assassin)     Turns: 20201, Time: 01:39:30

Health: -24/62     AC: 13    Str: 21    XL:     14   Next: 82%
Magic:  0/21       EV: 23    Int: 11    God:    Nemelex Xobeh [*****.]
Gold:   1504       SH:  0    Dex: 24    Spells: 11/13 levels left

rFire    . . .     SeeInvis +   b - +7 long sword "Diumevvan" {slice, rN+ Str+6 Dex+4}
rCold    . . .     Gourm    .   (no shield)
rNeg     + . .     Faith    .   j - +2 robe
rPois    +         Spirit   +   S - +2 helmet
rElec    .         Reflect  .   d - +0 cloak
rCorr    .         Harm     .   o - +1 pair of gloves
MR       +....                  r - +0 pair of boots
Stlth    +++++++...             (no amulet)
Regen    1.0/turn               (no ring)
MPRegen  0.2/turn               P - ring of see invisible

@: about to teleport
A: fangs 3, yellow scales 1, poison resistance, regeneration 2, magic shield,
antimagic bite, no potion heal 3, rot immunity, MP-powered wands
a: Triple Draw, Deal Four, Stack Five, Renounce Religion


You were on level 2 of the Orcish Mines.
You worshipped Nemelex Xobeh.
Nemelex Xobeh was extremely pleased with you.
You were not hungry.

You visited 4 branches of the dungeon, and saw 21 of its levels.
You also visited: Ossuary.

You collected 1714 gold pieces.
You spent 210 gold pieces at shops.

Inventory:

Hand Weapons
 a - a +4 dagger of electrocution
 b - the +7 long sword "Diumevvan" (weapon) {slice, rN+ Str+6 Dex+4}
   (You found it on level 4 of the Lair of Beasts)

   It inflicts extra damage upon your enemies.
   It affects your strength (+6).
   It affects your dexterity (+4).
   It protects you from negative energy.
 c - a +0 blowgun
 W - the +8 dagger of Lies {pierce, +Rage rPois MP+9 Dex+2, unknown}
   (You bought it in a shop on level 2 of the Orcish Mines)

   It inflicts extra damage upon your enemies.
   It affects your dexterity (+2).
   It protects you from poison.
   It affects your magic capacity (+9).
   It lets you go berserk.
Missiles
 e - 3 needles of frenzy
 q - 14 poisoned needles
 E - 2 needles of paralysis
 V - 9 curare-tipped needles
 X - 5 javelins (quivered)
Armour
 d - a +0 cloak (worn)
 j - a +2 robe (worn)
 o - a +1 pair of gloves (worn)
 r - a +0 pair of boots (worn)
 S - a +2 helmet (worn)
Jewellery
 w - an uncursed ring of protection from fire
 O - an uncursed ring of ice
 P - a ring of see invisible (right hand)
 Q - an uncursed amulet of rage
Wands
 i - a wand of digging (15/24)
 z - a wand of confusion (32/48)
 L - a wand of polymorph (9/24)
Scrolls
 h - a scroll of summoning {unknown}
 u - 3 scrolls of magic mapping
 y - 7 scrolls of fog
 A - a scroll of holy word {unknown}
 F - 4 scrolls of recharging
 I - 2 scrolls of remove curse
 J - 2 scrolls of enchant weapon {unknown}
 K - 4 scrolls of enchant armour {unknown}
 M - 5 scrolls of teleportation
 N - a scroll of random uselessness {unknown}
Potions
 g - a potion of ambrosia {unknown}
 k - 4 potions of brilliance
 m - a potion of mutation
 n - a potion of berserk rage
 s - 8 potions of curing
 t - a potion of magic {unknown}
 x - 2 potions of degeneration {unknown}
 B - 2 potions of resistance
 C - a potion of haste
 T - 3 potions of flight
 U - 2 potions of agility
Miscellaneous
 l - a legendary deck of escape {drawn: 5}
 p - a phantom mirror
 D - an ornate deck of destruction {drawn: 6}
 G - an ornate deck of destruction {drawn: 2}
 R - an ornate deck of summoning
 Z - a plain deck of summoning {drawn: 7}
Comestibles
 f - 4 meat rations
 v - 6 chunks of flesh
 H - a royal jelly


   Skills:
 - Level 1.7 Fighting
 - Level 10.1(10.9) Short Blades
 + Level 6.9(9.5) Long Blades
 - Level 7.1 Throwing
 + Level 10.9 Dodging
 + Level 16.4 Stealth
 - Level 3.2 Hexes
 - Level 8.6 Invocations
 + Level 4.1 Evocations


You had 11 spell levels left.
You knew the following spells:

 Your Spells              Type           Power        Failure   Level  Hunger
a - Slow                  Hex            #.......     14%         2    ###....


Dungeon Overview and Level Annotations

Branches:
Dungeon (12/15)            Temple (1/1) D:5            Lair (6/6) D:9
  Swamp (0/4) Lair:3       Spider (0/4) Lair:2        Slime (0/5) Lair:5
    Orc (2/2) D:11            Elf (0/3) Orc:2

Altars:
Ashenzari
Cheibriados
Dithmenos
Elyvilon
Fedhas
Gozag
Hepliaklqana
Kikubaaqudgha
Makhleb
Nemelex Xobeh
Okawaru
Qazlal
Ru
Sif Muna
Trog
Uskayaw
Vehumet
Xom
Yredelemnul
Zin
The Shining One
Beogh
Jiyva

Shops:
D:7 =   Orc:2 ([

Annotations:
D:4 2 transporters


Innate Abilities, Weirdness & Mutations

You have razor-sharp teeth.
You heal very quickly.
When hurt, damage is shared between your health and your magic reserves.
Your bite disrupts and absorbs the magic of your enemies.
Potions cannot restore your health.
You are immune to rotting.
You are partially covered in yellow scales. (AC +2)
Your system is resistant to poisons. (rPois)
You expend magic power (3 MP) to strengthen your wands.


Message History

The orc sorcerer casts a spell at you. The bolt of fire misses you.
You hit the orc sorcerer.
You bite the orc sorcerer, but do no damage.
The orc sorcerer is heavily wounded.
The orc sorcerer gestures wildly while chanting.
The orc knight hits you from afar with an enchanted halberd!!
As you read the scroll of teleportation, it crumbles to dust.
You feel strangely unstable.
The orc sorcerer gestures wildly while chanting.
The ice devil misses you.
Okay, then.
Evoke which item? (* to show all) (? for menu, Esc to quit)
You draw a card...
It is Velocity.
The ynoxinul seems to slow down.
The orc sorcerer seems to slow down.
The orc knight seems to slow down. x2
The ice devil seems to slow down.
The orc knight hits you from afar with an enchanted halberd!!!
Ouch! That really hurt!
You die...
Your body disappears without a glow.

**§≈≈§≈§≈..#.##'##.#...#...#
*≈*#§§≈§≈..'.#...#.#.).#...#
***##≈≈≈≈).###†.)#.##[###'##
########.'._.'.....)...'
#.#).)###'####### ####*
#.#...#.)...#..## ###..$*
#.#####..†..#....
*##....)###4# #..⌠).))...
*...$..ooo@3# #.....#)...
*##....)##### #.....#....
###..$* ############....
####* #...##..........
###............. ###
#............#
##.###............#
####...###...<......##
##....#..##........###.


You could see 2 orc knights, an ice devil, a ynoxinul and an orc sorcerer.

Vanquished Creatures
  Donald (Orc:2)
  The ghost of Exporg the Severer, a journeyman HOFi of Beogh (Lair:5)
  A vampire knight (D:12)
  Josephine (D:10)
  2 hydras
  A two-headed ogre (Orc:2)
  A death knight (D:10)
  A vampire mage (D:12)
  Pikel (D:5)
  A lindwurm (Lair:6)
  An orc knight (Orc:2)
  A wolf spider (Lair:6)
  2 orc sorcerers
  An elephant (Lair:6)
  A centaur zombie (D:12)
  9 black mambas
  A torpor snail (Lair:6)
  A gargoyle (D:10)
  7 spiny frogs
  A rime drake (Lair:5)
  8 komodo dragons
  A jumping spider (Orc:2)
  3 trolls
  Prince Ribbit (D:5)
  7 hippogriffs
  4 hornets
  9 blink frogs
  5 dream sheep (Lair:6)
  16 flying skulls (D:12)
  A spriggan (D:7)
  Sigmund (D:5)
  22 yaks
  A shadow (D:12)
  3 water elementals (D:12)
  10 wyverns (Lair:6)
  4 wraiths
  2 basilisks
  7 vampires (D:12)
  2 fire bats (Lair:3)
  A hungry ghost (D:11)
  Menkaure (D:7)
  3 steam dragons
  An acid dragon (Lair:6)
  A warg (Orc:2)
  23 water moccasins
  4 slaves (D:5)
  9 porcupines
  An eye of draining (D:10)
  2 sky beasts (D:9)
  12 orc warriors
  9 ogres
  A swamp drake (Lair:6)
  2 phantoms
  10 wolves
  3 centaurs
  16 crocodiles
  4 big kobolds
  12 bullfrogs
  3 scorpions
  A wyvern skeleton (D:12)
  10 killer bees
  10 wights
  4 howler monkeys
  2 electric eels
  5 crimson imps
  4 bullfrog zombies
  5 human zombies (D:12)
  5 jellies
  2 bullfrog skeletons
  8 orc priests
  6 hounds
  11 orc wizards
  9 iguanas
  12 worker ants
  2 hound skeletons (D:8)
  A mummy (Ossuary)
  A howler monkey zombie (D:5)
  15 gnolls
  2 howler monkey skeletons
  8 adders
  3 shadow imps
  3 oozes
  An adder zombie (D:5)
  5 adder skeletons
  5 worms
  A dart slug (D:3)
  4 leopard geckos
  46 orcs
  8 giant cockroaches
  5 goblins
  4 hobgoblins
  10 jackals
  21 kobolds
  5 quokkas
  A ball python (D:7)
  5 bats
  6 frilled lizards
  8 gnoll skeletons (Ossuary)
  7 kobold skeletons (Ossuary)
  A leopard gecko skeleton (D:4)
  10 orc skeletons (Ossuary)
  A quokka zombie (D:6)
  8 rats
552 creatures vanquished.

Vanquished Creatures (collateral kills)
  A fire dragon (Lair:6)
  Harold (Lair:1)
  3 hydras
  2 two-headed ogres (D:9)
  Sonja (D:10)
  Nergalle (Lair:2)
  A swamp dragon (Lair:6)
  3 elephants (Lair:6)
  A deep elf mage (D:10)
  2 black mambas (Lair:6)
  A guardian serpent (Lair:6)
  6 spiny frogs
  A polar bear (Lair:2)
  A troll (D:10)
  3 blink frogs (Lair:2)
  A hippogriff (Lair:6)
  2 dream sheep (Lair:6)
  A redback (Lair:6)
  A vampire (D:12)
  11 yaks
  11 flying skulls (D:12)
  A water elemental (D:12)
  A basilisk (Lair:6)
  2 wyverns (Lair:6)
  2 acid dragons (Lair:6)
  3 water moccasins
  A sky beast (D:10)
  2 orc warriors (Orc:2)
  A phantom (D:12)
  An ogre (Orc:2)
  A centaur (D:9)
  3 crocodiles
  A gnoll sergeant (D:10)
  2 wights (D:10)
  2 electric eels (Lair:1)
  A human zombie (D:12)
  A bullfrog skeleton (D:10)
  An adder (D:9)
  6 orcs (Orc:2)
  3 kobolds
  3 fungi
  3 plants
96 creatures vanquished.

Vanquished Creatures (others)
  A human zombie (D:12)
  A ball lightning (D:12)
  7 fungi (Lair:6)
  21 plants (Lair:6)
30 creatures vanquished.

Grand Total: 678 creatures vanquished

Notes
Turn   | Place    | Note
-------+----------+-------------------------------------------
     0 | D:1      | Mesmaeker13 the Vine Stalker Assassin began the quest for the Orb.
     0 | D:1      | Reached XP level 1. HP: 11/11 MP: 2/2
    59 | D:1      | Reached XP level 2. HP: 13/15 MP: 3/3
   265 | D:1      | Reached skill level 1 in Dodging
   296 | D:1      | Reached skill level 5 in Stealth
   686 | D:2      | Found a blossoming altar of Fedhas.
   763 | D:2      | Reached XP level 3. HP: 18/18 MP: 4/4
   947 | D:2      | Found a basalt altar of Yredelemnul.
  1199 | D:2      | Found a glowing golden altar of the Shining One.
  1265 | D:2      | Found a sacrificial altar of Ru.
  1788 | D:3      | Found a glowing golden altar of the Shining One.
  1858 | D:3      | Gained mutation: Your natural rate of healing is unusually fast. [Vine Stalker growth]
  1858 | D:3      | Reached XP level 4. HP: 16/23 MP: 3/5
  2355 | D:3      | Reached XP level 5. HP: 26/26 MP: 6/6
  2676 | D:4      | Found a transporter.
  2680 | D:4      | Found a transporter.
  2681 | D:4      | Noticed a yak
  2682 | D:4      | Found a hazy altar of Hepliaklqana.
  2934 | D:4      | Found a sand-covered staircase.
  2955 | Ossuary  | Entered an ossuary
  2955 | Ossuary  | Noticed a wraith
  2955 | Ossuary  | Noticed a wraith
  2955 | Ossuary  | Noticed a wraith
  3247 | Ossuary  | Noticed a wraith
  3300 | Ossuary  | Killed a wraith
  3300 | Ossuary  | Reached skill level 6 in Stealth
  3300 | Ossuary  | Reached XP level 6. HP: 11/30 MP: 7/7
  3810 | D:5      | Entered Level 5 of the Dungeon
  3858 | D:5      | Noticed a slave
  3859 | D:5      | Noticed a slave
  3871 | D:5      | Found a hide-covered altar of Uskayaw.
  3871 | D:5      | Found a stormy altar of Qazlal.
  3871 | D:5      | Found a radiant altar of Vehumet.
  3885 | D:5      | Noticed a slave
  3920 | D:5      | Killed a slave
  4004 | D:5      | Noticed Prince Ribbit
  4166 | D:5      | Reached XP level 7. HP: 34/34 MP: 8/8
  4199 | D:5      | Noticed Pikel
  4229 | D:5      | Gained mutation: Your movements are slightly less encumbered by armour. (ER -2) [potion of mutation]
  4229 | D:5      | Gained mutation: You evolve. [potion of mutation]
  4229 | D:5      | Gained mutation: You expend magic power (3 MP) to strengthen your wands. [potion of mutation]
  4229 | D:5      | Gained mutation: You are partially covered in yellow scales. (AC +2) [potion of mutation]
  4334 | D:5      | Found a shadowy altar of Dithmenos.
  4617 | D:6      | Reached skill level 7 in Stealth
  5369 | D:7      | Gained mutation: You have razor-sharp teeth. [Vine Stalker growth]
  5369 | D:7      | Reached XP level 8. HP: 38/38 MP: 9/9
  5473 | D:7      | Noticed Menkaure
  5492 | D:7      | Killed Menkaure
  5569 | D:7      | Found a bloodstained altar of Trog.
  5644 | D:7      | Reached skill level 5 in Short Blades
  5644 | D:7      | Reached skill level 5 in Throwing
  5701 | D:7      | Found Icvefe's Jewellery Emporium.
  5714 | D:7      | Reached skill level 8 in Stealth
  5771 | D:7      | Noticed a spriggan baker
  5773 | D:7      | Killed a spriggan baker
  5912 | D:7      | Reached XP level 9. HP: 25/42 MP: 3/10
  6315 | D:8      | Found a burning altar of Makhleb.
  6464 | D:8      | Reached skill level 5 in Dodging
  6464 | D:8      | Reached skill level 9 in Stealth
  6508 | D:8      | Noticed a two-headed ogre
  6606 | D:8      | Lost mutation: Your movements are slightly less encumbered by armour. (ER -2) [evolution]
  6694 | D:8      | Found a sparkling altar of Nemelex Xobeh.
  6725 | D:8      | Became a worshipper of Nemelex Xobeh the Trickster
  6916 | D:5      | Killed Prince Ribbit
  7020 | D:5      | Killed Pikel
  7106 | D:5      | Received a gift from Nemelex Xobeh
  7149 | D:5      | Found a staircase to the Ecumenical Temple.
  7173 | Temple   | Entered the Ecumenical Temple
  7319 | D:5      | Noticed Sigmund
  7360 | D:5      | Killed Sigmund
  7360 | D:5      | Reached XP level 10. HP: 43/46 MP: 11/11
  7463 | D:5      | Reached skill level 10 in Stealth
  7912 | D:8      | Gained mutation: Your system is resistant to poisons. (rPois) [evolution]
  8131 | D:9      | Reached * piety under Nemelex Xobeh
  8131 | D:9      | Received a gift from Nemelex Xobeh
  8141 | D:9      | Noticed a two-headed ogre
  8152 | D:9      | Killed a two-headed ogre
  8306 | D:9      | Found a staircase to the Lair.
  8316 | D:9      | Found a bloodstained altar of Trog.
  8332 | D:9      | Reached skill level 1 in Invocations
  8399 | D:9      | Noticed a two-headed ogre
  8408 | D:9      | Killed a two-headed ogre
  8571 | D:9      | Found an iron altar of Okawaru.
  8678 | D:9      | Received a gift from Nemelex Xobeh
  8860 | D:9      | Lost mutation: You evolve. [end of evolution]
  8895 | D:9      | Reached skill level 11 in Stealth
  8991 | D:10     | Entered Level 10 of the Dungeon
  9004 | D:10     | Learned a level 2 spell: Slow
  9025 | D:10     | Reached ** piety under Nemelex Xobeh
  9032 | D:10     | Noticed Sonja
  9227 | D:10     | Noticed a death knight
  9450 | D:10     | Killed a death knight
  9450 | D:10     | Reached XP level 11. HP: 48/50 MP: 12/14
  9680 | D:10     | Received a gift from Nemelex Xobeh
  9681 | D:10     | Noticed a deep elf mage
  9693 | D:10     | Killed a deep elf mage
  9887 | D:10     | Killed Sonja
 10046 | Lair:1   | Entered Level 1 of the Lair of Beasts
 10321 | Lair:1   | Reached skill level 1 in Hexes
 10339 | Lair:1   | Reached skill level 12 in Stealth
 10345 | Lair:1   | Noticed Harold
 10355 | Lair:1   | Noticed a seven-headed hydra
 10482 | D:9      | Killed a seven-headed hydra
 10916 | Lair:1   | Received a gift from Nemelex Xobeh
 11063 | Lair:1   | Killed Harold
 11162 | Lair:1   | Noticed an eight-headed hydra
 11176 | Lair:1   | Killed an eight-headed hydra
 11388 | Lair:1   | Gained mutation: You heal very quickly. [Vine Stalker growth]
 11388 | Lair:1   | Reached XP level 12. HP: 54/54 MP: 16/16
 11752 | Lair:2   | Reached skill level 13 in Stealth
 11833 | Lair:2   | Reached *** piety under Nemelex Xobeh
 11873 | Lair:2   | Noticed Nergalle
 11903 | Lair:2   | Killed Nergalle
 11903 | Lair:2   | Reached skill level 5 in Invocations
 12243 | Lair:2   | Found a hole to the Spider Nest.
 12490 | Lair:3   | Received a gift from Nemelex Xobeh
 13266 | Lair:3   | Reached **** piety under Nemelex Xobeh
 13412 | Lair:3   | Found a staircase to the Swamp.
 13605 | Lair:4   | Received a gift from Nemelex Xobeh
 13719 | Lair:4   | Received a gift from Nemelex Xobeh
 13730 | Lair:4   | Got a brightly glowing long sword
 13735 | Lair:4   | Identified the +7 long sword "Diumevvan" {slice, rN+ Str+6 Dex+4} (You found it on level 4 of the Lair of Beasts)
 13783 | Lair:4   | Found a frozen archway.
 14475 | Lair:5   | Noticed a six-headed hydra
 14486 | Lair:5   | Killed a six-headed hydra
 14679 | Lair:5   | Noticed Exporg's ghost (journeyman HOFi)
 14697 | Lair:5   | Killed Exporg's ghost
 14697 | Lair:5   | Reached skill level 10 in Short Blades
 14827 | Lair:5   | Reached skill level 14 in Stealth
 14966 | Lair:5   | Found a runed door.
 14966 | Lair:5   | Found a viscous altar of Jiyva.
 14966 | Lair:5   | Found a staircase to the Slime Pits.
 15119 | Lair:6   | Entered Level 6 of the Lair of Beasts
 15158 | Lair:6   | Received a gift from Nemelex Xobeh
 15243 | Lair:6   | Reached XP level 13. HP: 48/58 MP: 19/19
 15269 | Lair:6   | Reached skill level 1 in Long Blades
 15379 | Lair:6   | Noticed a fire dragon
 15413 | Lair:6   | Killed a fire dragon
 16432 | Lair:6   | Reached ***** piety under Nemelex Xobeh
 16519 | Lair:6   | Received a gift from Nemelex Xobeh
 16547 | Lair:6   | Reached skill level 10 in Dodging
 16548 | Lair:6   | Reached skill level 15 in Stealth
 16772 | Lair:6   | HP: 2/58 [torpor snail (7)]
 17239 | Lair:2   | Reached XP level 14. HP: 62/62 MP: 21/21
 17319 | D:10     | Noticed Josephine
 17332 | D:10     | Reached skill level 5 in Long Blades
 17354 | D:10     | Killed Josephine
 17354 | D:10     | Reached skill level 1 in Evocations
 17479 | D:11     | Found a shattered altar of Ashenzari.
 17544 | D:11     | Received a gift from Nemelex Xobeh
 17658 | D:11     | Found a staircase to the Orcish Mines.
 17852 | D:11     | Received a gift from Nemelex Xobeh
 18604 | D:12     | Received a gift from Nemelex Xobeh
 18915 | D:12     | Found a basalt altar of Yredelemnul.
 18917 | D:12     | Noticed a vampire knight
 18971 | D:12     | Killed a vampire knight
 18991 | D:12     | Reached skill level 16 in Stealth
 19242 | Orc:1    | Entered Level 1 of the Orcish Mines
 19286 | Orc:1    | Found a roughly hewn altar of Beogh.
 19449 | Orc:1    | Received a gift from Nemelex Xobeh
 19537 | Orc:1    | Found a bloodstained altar of Trog.
 19627 | Orc:2    | Entered Level 2 of the Orcish Mines
 19938 | Orc:2    | Received a gift from Nemelex Xobeh
 19985 | Orc:2    | Noticed Donald
 19993 | Orc:2    | Killed Donald
 19999 | Orc:2    | Found Tilaesa's Antique Weapon Emporium.
 20024 | Orc:2    | Bought an encrusted dagger for 210 gold pieces
 20032 | Orc:2    | Found Famoseigu's Antique Armour Shoppe.
 20083 | Orc:2    | Found a roughly hewn altar of Beogh.
 20084 | Orc:2    | Reached ****** piety under Nemelex Xobeh
 20201 | Orc:2    | Annihilated by an orc knight

Skill      XL: |  1  2  3  4  5  6  7  8  9 10 11 12 13 14 |
---------------+-------------------------------------------+-----
Throwing       | 2 3 4 5 6 7 |  7.1
Short Blades   | 2 3 4 5 6 7 9 10 | 10.1
Dodging        | 1 2 3 4 5 7 8 9 10 | 10.9
Stealth        | 5 6 7 8 9 11 12 14 15 16 | 16.4
Invocations    | 3 4 6 8 |  8.6
Hexes          | 3 |  3.2
Long Blades    | 4 6 |  6.9
Evocations     | 4 |  4.1
Fighting       | |  1.7

Action                   |  1- 3 |  4- 6 |  7- 9 | 10-12 | 13-15 || total
-------------------------+-------+-------+-------+-------+-------++-------
Melee: Dagger            |   129 |   275 |   256 |   366 |   113 ||  1139
       Bite              |    22 |    85 |   112 |   260 |   335 ||   814
       Great sword       |       |       |    70 |       |       ||    70
       Scimitar          |       |       |       |   223 |       ||   223
       Long sword        |       |       |       |    36 |   473 ||   509
 Fire: Blowgun           |       |     5 |    11 |    23 |     5 ||    44
Throw: Tomahawk          |     9 |    26 |    35 |    59 |       ||   129
       Javelin           |     4 |    14 |     6 |    15 |     7 ||    46
       Throwing net      |       |       |       |       |     7 ||     7
Invok: Triple Draw       |       |       |       |     2 |       ||     2
Evoke: Wand              |       |       |     4 |       |    13 ||    17
       Deck              |       |       |     2 |    42 |    49 ||    93
       Lamp of fire      |       |       |       |     1 |       ||     1
  Use: Scroll            |     3 |     7 |     4 |    13 |    11 ||    38
       Potion            |       |     3 |     4 |     2 |     5 ||    14
 Stab: Sleeping          |    10 |     3 |    13 |    26 |    28 ||    80
       Invisible         |       |     1 |     1 |       |       ||     2
       Confused          |       |       |     1 |       |     5 ||     6
       Paralysed         |       |       |     1 |       |       ||     1
       Distracted        |       |       |       |     1 |     4 ||     5
       Held in net/web   |       |       |       |       |     2 ||     2
       Petrified         |       |       |       |       |     1 ||     1
  Eat: Chunk             |     1 |     3 |     9 |    19 |    17 ||    49
       Bread ration      |     1 |       |       |       |       ||     1
       Fruit             |       |     2 |     2 |     2 |       ||     6
       Meat ration       |       |       |       |     1 |       ||     1
Armor: Robe              |    32 |    78 |    35 |       |    74 ||   219
       Skin              |       |       |    29 |       |       ||    29
       Leather armour    |       |       |    39 |   156 |    37 ||   232
Dodge: Dodged            |    72 |   187 |   204 |   483 |   593 ||  1539
       Rpst.: Great sword |       |       |    14 |       |       ||    14
       Scimitar          |       |       |       |    62 |       ||    62
       Long sword        |       |       |       |     5 |   151 ||   156
